Map: 오토메이턴 - 래더

Players

DnS - Winner!

  • Race: Protoss Protoss
  • Spawn Location: 9:00

Gerald

  • Race: Protoss Protoss
  • Spawn Location: 3:00

Event: IEM Season 13: Katowice (2019)

VOD

Have the link to the VOD?

Description

Time

  • Played on: Feb. 26, 2019, 9:44 a.m.
  • Length: 10:34

All games in this series

Show
View Real Time Build Order
Export as new Build Order

DnS Protoss - Winner!

Build Orders:  

Get SALT Encoding   

  12  0:00  Probe  
  13  0:12  Probe  
  14  0:19  Pylon  
  14  0:24  Probe  
  15  0:33  Probe  
  15  0:38  Gateway  
  15  0:41  Probe  
  16  0:47  Assimilator  
  17  0:52  Probe  
  17  0:56  Assimilator  
  18  1:01  Probe  
  18  1:09  Gateway, Probe  
  20  1:18  Probe  
  21  1:27  Cybernetics Core  
  21  1:30  Probe  
  22  1:37  Pylon  
  22  1:42  Probe  
  23  1:54  Warp Gate  
  23  1:55  Probe  
  24  2:03  Stalker x2  
  28  2:17  Pylon  
  28  2:33  Stalker  
  28  2:35  Stalker  
  32  2:43  Robotics Facility  
  32  2:49  Gateway  
  32  3:05  Shield Battery  
  31  3:10  Stalker  
  33  3:20  Pylon, Warp Prism  
  33  3:28  Shield Battery  
  35  3:42  Stalker  
  35  3:45  Stalker  
  39  3:49  Stalker  
  41  4:02  Observer  
  42  4:03  Pylon  
  42  4:11  Shield Battery  
  42  4:23  Stalker  
  44  4:25  Sentry x2  
  48  4:37  Pylon  
  48  4:50  Adept  
  48  4:51  Adept, Stalker  
  52  5:04  Immortal  
  54  5:20  Sentry  
  54  5:27  Pylon  
  54  5:42  Immortal  
  54  5:47  Sentry  
  54  5:49  Pylon  
  60  5:53  Stalker  
  62  6:11  Adept x2  
  62  6:13  Pylon  
  62  6:50  Nexus  
  60  6:55  Adept  
  60  6:56  Adept  
  61  7:14  Probe  
  56  7:22  Probe  
  57  7:32  Probe  
  57  7:38  Observer  
  57  7:47  Sentry x3  
  65  7:53  Nexus  
  64  7:59  Probe  
  65  8:14  Immortal  
  65  8:18  Probe  
  68  8:32  Probe  
  69  8:45  Sentry, Stalker  
  73  9:05  Observer  
  69  9:14  Warp Prism  
  57  9:27  Stalker  
  57  9:28  Stalker x2  
  65  9:33  Probe  
  65  9:36  Observer  
  66  9:41  Probe  
  67  9:51  Sentry x3  
  73  9:56  Probe  
  67  10:24  Stalker x3  
Show
View Real Time Build Order
Export as new Build Order

Gerald Protoss 

Build Orders:  

Get SALT Encoding   

  12  0:01  Probe  
  13  0:13  Probe  
  14  0:18  Pylon  
  14  0:23  Probe  
  15  0:32  Probe  
  15  0:38  Gateway  
  15  0:40  Probe  
  16  0:47  Assimilator  
  17  0:53  Probe  
  17  0:56  Assimilator  
  18  1:05  Probe  
  18  1:09  Gateway  
  19  1:17  Probe  
  20  1:25  Cybernetics Core  
  20  1:29  Probe  
  21  1:33  Pylon  
  21  1:41  Probe  
  22  1:53  Probe  
  23  2:00  Adept x2  
  23  2:02  Warp Gate  
  23  2:05  Probe  
  28  2:12  Pylon  
  28  2:17  Probe  
  28  2:22  Stalker  
  29  2:25  Sentry, Pylon  
  29  2:34  Probe  
  33  2:58  Nexus  
  33  3:10  Twilight Council  
  34  3:24  Robotics Facility  
  33  3:34  Stalker, Probe  
  34  3:41  Pylon  
  36  3:48  Shield Battery  
  36  3:51  Stalker  
  38  4:04  Blink  
  38  4:06  Shield Battery  
  38  4:12  Sentry  
  38  4:13  Immortal  
  45  4:36  Gateway  
  44  4:39  Pylon  
  44  4:55  Immortal  
  46  5:12  Stalker  
  47  5:24  Pylon  
  47  5:34  Immortal  
  47  5:42  Pylon  
  51  5:48  Stalker  
  51  5:54  Stalker  
  52  6:11  Warp Prism  
  52  6:16  Sentry  
  56  6:24  Probe  
  51  6:43  Probe  
  46  6:48  Sentry, Zealot, Observer  
  49  6:55  Probe  
  50  7:05  Immortal  
  47  7:14  Stalker x2  
  49  7:38  Immortal  
  49  7:40  Sentry  
  55  8:12  Nexus  
  55  8:21  Robotics Bay  
  55  8:34  Probe  
  56  8:46  Probe  
  57  8:50  Observer  
  58  8:58  Probe  
  59  9:10  Disruptor  
  57  9:19  Observer  
  54  9:27  Stalker  
  54  9:28  Probe  
  57  9:36  Probe  
  58  9:40  Probe  
  58  9:44  Disruptor  
  58  9:51  Stalker  
  55  10:21  Zealot  

Tags
 
Add a new tag
Caveats
  • Supply blocks, unpowered buildings, or Contaminate may cause inaccurate times.
  • Supply counts are checked every 10 seconds.